 Dungeon Crawl Stone Soup version 0.29.1-12-g30fa7ad0bf (webtiles) character file.

Game seed: 12759919543539527783

88 hawla the Chiller (level 5, -4/38 HPs)
             Began as a Meteoran Ice Elementalist on Jan 8, 2023.
             Slain by a gnoll
             ... wielding a +0 halberd
              (14 damage)
             ... on level 3 of the Dungeon.
             The game lasted 00:04:12 (656 turns).

hawla the Chiller (Meteoran Ice Elementalist)        Turns: 656, Time: 00:04:12

Health: -4/38      AC:  3    Str:  9    XL:     5   Next: 10%
Magic:  8/11       EV: 12    Int: 19    God:
Gold:   63         SH:  0    Dex: 14    Spells: 7/11 levels left

rFire   . . .      SeeInvis .   h - +2 dagger (flame)
rCold   . . .      Faith    .   (no shield)
rNeg    . . .      Spirit   .   a - +0 robe
rPois   .          Reflect  .   d - +0 helmet
rElec   .          Harm     .   (no cloak)
rCorr   .          Rampage  .   (no gloves)
Will    .....                   (no boots)
Stlth   +.........              (no amulet)
HPRegen 0.12/turn               (no ring)
MPRegen 0.12/turn               (no ring)

@: freezing walls, glowing
A: sense surroundings 1, otherworldly, glowing, explore regen
a: no special abilities


You were on level 3 of the Dungeon.
You visited 1 branch of the dungeon, and saw 3 of its levels.

You collected 63 gold pieces.

Inventory:

Hand Weapons
 h - a +2 dagger of flaming (weapon)
Armour
 a - a +0 robe (worn)
 d - a +0 helmet (worn)
Scrolls
 e - a scroll of magic mapping {unknown}
 f - a scroll of torment {unknown}
 i - a scroll of blinking {unknown}
Potions
 b - a potion of lignification {unknown}
 g - a potion of heal wounds {unknown}


   Skills:
 + Level 2.7 Dodging
 - Level 1.4 Stealth
 + Level 3.5 Spellcasting
 + Level 5.9 Ice Magic


You had 7 spell levels left.
You knew the following spells:

 Your Spells              Type           Power      Damage    Failure   Level
a - Freeze                Ice            100%       1d11      1%          1
b - Frozen Ramparts       Ice            50%        1d8       3%          3

Your spell library contained the following spells:

 Spells                   Type           Power      Damage    Failure   Level
 Ozocubu's Armour         Ice            25%        N/A       3%          3
 Hailstorm                Conj/Ice       14%        3d5       38%         4
 Alistair's Intoxication  Tmut/Pois      2%         N/A       99%         5
 Borgnjor's Vile Clutch   Necr/Erth      1%         N/A       99%         5
 Eringya's Noxious Bog    Tmut/Pois      1%         N/A       100%        6


Dungeon Overview and Level Annotations

Branches:
Dungeon (3/15) Zot: 1144

Altars:


Innate Abilities, Weirdness & Mutations

You passively map a small area around you.
You are easily found by Zot.
You glow in the dark.
You regain HP and MP as you explore.


Message History

The gnoll is heavily wounded.
The wall freezes the gnoll.
The gnoll hits you with a +0 flail.
* * * LOW HITPOINT WARNING * * *
Casting: Freeze (safe; 1% risk of failure)
Confirm with . or Enter, or press ? or * to list all spells.
Aiming: Freeze (safe; 1% risk of failure)
Press: ? - help, Shift-Dir - straight line, f/p - gnoll
Aim: a gnoll, wielding a +0 flail (severely wounded)
You freeze the gnoll.
You kill the gnoll!
You have reached level 5!
The frozen ramparts melt away as you move.
You see here a +0 flail.
A gnoll comes into view. It is wielding a +0 halberd.
Things that are here:
a +0 spear; a gnoll corpse
As you read the scroll labelled ATATY AWKOAME, it crumbles to dust.
You hear a loud clanging noise!
It was a scroll of noise.
The gnoll shouts!
The gnoll barely misses you.
You open the door. The gnoll barely misses you.
There is an open door here.
You open the door.
The gnoll hits you from afar with a +0 halberd.
Found a ring mail.
Found a stone staircase leading down.
Found an escape hatch in the floor.
There is an open door here.
Found a stone staircase leading up.
Casting: Freeze (safe; 1% risk of failure)
Confirm with . or Enter, or press ? or * to list all spells.
Casting: Frozen Ramparts (dangerous; 3% risk of failure)
Press: ? - help, Dir - look around, f - activate The walls around you are covered in ice.
The wall freezes the gnoll.
The gnoll hits you from afar with a +0 halberd!
* * * LOW HITPOINT WARNING * * *
The wall freezes the gnoll but does no damage.
The gnoll hits you from afar with a +0 halberd!
You die...

* ........## ......
. *, #......# * .
....... .#
.###..##....>#
......##[.#..#
##.#...<..>...#
##.!..# *#@# * #
#....$# ##'## **
#.*#....# ##.g.## *
**
#.###.#.###.....##*
#.......##.......##
##...)###.........#
*
#.....).+.........+,
,
##....###.........#
, * ##.#.#
##.......## * *


You could see a gnoll.

Vanquished Creatures
  An orc priest (D:2)
  An adder (D:2)
  2 gnolls (D:3)
  A dart slug (D:2)
  5 orcs (D:2)
  A bat (D:1)
  3 endoplasms (D:1)
  2 giant cockroaches (D:1)
  2 goblins (D:1)
  2 quokkas (D:3)
  2 kobolds (D:1)
  A rat (D:2)
23 creatures vanquished.

Notes
Turn   | Place    | Note
-------+----------+-------------------------------------------
     0 | D:1      | hawla the Meteoran Ice Elementalist began the quest for the
                  | Orb.
     0 | D:1      | Reached XP level 1. HP: 14/14 MP: 5/5
    53 | D:1      | Reached XP level 2. HP: 15/20 MP: 3/6
   477 | D:2      | Reached skill level 5 in Ice Magic
   481 | D:2      | Reached XP level 3. HP: 13/26 MP: 1/8
   485 | D:2      | Reached XP level 4. HP: 13/33 MP: 6/9
   491 | D:2      | Learned a level 3 spell: Frozen Ramparts
   518 | D:2      | Found a faded altar of an unknown god.
   609 | D:3      | Reached XP level 5. HP: 7/38 MP: 2/11
   656 | D:3      | Slain by a gnoll

Illustrated notes

Levels and vault maps discovered:
D:1:      dpeg_arrival_arbitrary_c, layout_basic, minmay_misc_feat_pillars,
          roderic_lattice_a, dreamdust_princess_bridge
D:2:      cheibrodos_pilgrimage, layout_basic, serial_curves, eino_curves_02,
          eino_curves_03, chequers_ecumenical_altar_simple_redux
D:3:      layout_loops_corners, bloody_trog, serial_shops,
          nicolae_lakefront_shop

Skill      XL: |  1  2  3 |
---------------+----------+-----
Ice Magic      | 5 |  5.9
Spellcasting   | 3 |  3.5
Dodging        | |  2.7
Stealth        | |  1.4

Action                   |  1- 3 |  4- 6 || total
-------------------------+-------+-------++-------
Melee: Unarmed           |     1 |       ||     1
       Dagger            |       |     3 ||     3
 Cast: Freeze            |    22 |    14 ||    36
       Frozen Ramparts   |       |     5 ||     5
  Use: Potion            |     1 |     1 ||     2
       Scroll            |       |     1 ||     1
Armor: Robe              |     3 |     5 ||     8
Dodge: Dodged            |    11 |     9 ||    20
